 Dungeon Crawl Stone Soup version 0.30.0 (webtiles) character file.

Game seed: 6858316412809914980

1172 samcosmo the Thaumaturge (level 8, 0/48 HPs)
             Began as a Deep Elf Conjurer on July 3, 2023.
             Was a Follower of Vehumet.
             Slain by a gnoll sergeant
             ... wielding a +0 trident
              (12 damage)
             ... on level 6 of the Dungeon.
             The game lasted 00:17:52 (6987 turns).

samcosmo the Thaumaturge (Deep Elf Conjurer)        Turns: 6987, Time: 00:17:52

Health: 0/48       AC:  9    Str:  4    XL:     8   Next: 18%
Magic:  0/23       EV: 11    Int: 29    God:    Vehumet [*.....]
Gold:   194        SH:  0    Dex: 15    Spells: 19/26 levels left

rFire   . . .        u - +3 dagger "Yxull" {venom, rC- Will+ rCorr Int+3}
rCold   . . .        (no shield)
rNeg    + . .        C - +3 leather armour "Bygeat" {rC+ rN+ Dex+2}
rPois   .            v - +2 helmet
rElec   .            s - scarf {repulsion}
rCorr   +            (no gloves)
SInv    .            (no boots)
Will    +....        (no amulet)
Stlth   ++           e - ring of wizardry
HPRegen 0.28/turn    (no ring)
MPRegen 0.18/turn

%: repel missiles, wizardry (x1)
@: no status effects
A: no striking features
a: Renounce Religion


You were on level 6 of the Dungeon.
You worshipped Vehumet.
Vehumet was aware of your devotion.
You visited 2 branches of the dungeon, and saw 7 of its levels.
You also visited: Sewer.

You collected 320 gold pieces.
You spent 126 gold pieces at shops.

Inventory:

Hand Weapons
 u - the +3 dagger "Yxull" (weapon) {venom, rC- Will+ rCorr Int+3}
   (You found it on level 4 of the Dungeon)

   Int:       It affects your intelligence (+3).
   rC:        It makes you vulnerable to cold.
   rCorr:     It protects you from acid and corrosion.
   Will:      It increases your willpower.
 A - the +1 trident of the Hurting Goat {freeze, rC+ Str+3 Stlth+}
   (You found it on level 5 of the Dungeon)

   Str:       It affects your strength (+3).
   rC:        It protects you from cold.
   Stlth:     It makes you more stealthy.
Missiles
 p - 2 throwing nets
Armour
 a - a +1 robe
 o - a +1 cloak of preservation
 s - a scarf of repulsion (worn)
 v - a +2 helmet (worn)
 C - the +3 leather armour "Bygeat" (worn) {rC+ rN+ Dex+2}
   (You found it on level 5 of the Dungeon)

   Dex:       It affects your dexterity (+2).
   rC:        It protects you from cold.
   rN:        It protects you from negative energy.
Jewellery
 e - a ring of wizardry (left hand)
Wands
 m - a wand of mindburst (1)
 t - a wand of charming (10)
 y - a wand of polymorph (7)
Scrolls
 c - a scroll of fog
 h - a scroll of enchant armour
 j - a scroll of immolation
 q - a scroll of teleportation
 w - a scroll of enchant weapon {unknown}
 x - a scroll of blinking
Potions
 b - 2 potions of magic
 d - 2 potions of attraction
 f - 2 potions of might
 g - 2 potions of lignification
 k - a potion of degeneration
 l - a potion of mutation
 n - a potion of brilliance
 r - a potion of curing {unknown}
 z - a potion of haste {unknown}
 B - a potion of flight {unknown}


   Skills:
 + Level 3.8 Fighting
 - Level 2.4 Dodging
 - Level 2.4 Stealth
 * Level 9.5 Spellcasting
 + Level 6.9 Conjurations


You had 19 spell levels left.
You knew the following spells:

 Your Spells              Type           Power      Damage    Failure   Level
a - Magic Dart            Conj           100%       1d8       1%          1
b - Searing Ray           Conj           100%       2d8       1%          2
c - Iskenderun's Mystic   Conj/Tloc      33%        2d8       7%          4

Your spell library contained the following spells:

 Spells                   Type           Power      Damage    Failure   Level
 Foxfire                  Conj/Fire      100%       2x1d9     1%          1
 Dazzling Flash           Conj/Hex       66%        N/A       1%          3
 Fulminant Prism          Conj/Hex       16%        3d10      7%          4


Dungeon Overview and Level Annotations

Branches:
Dungeon (6/15)             Temple (1/1) D:4           Sewer (visited)

Altars:
Ashenzari
Cheibriados
Dithmenos
Elyvilon
Fedhas
Gozag
Hepliaklqana
Kikubaaqudgha
Makhleb
Nemelex Xobeh
Okawaru
Qazlal
Ru
Sif Muna
Trog
Uskayaw
Vehumet
Wu Jian
Xom
Yredelemnul
Zin
The Shining One

Shops:
D:5 *[


Message History

The gnoll sergeant closely misses you. The gnoll closely misses you.
Casting: Searing Ray (safe; 1% risk of failure)
Confirm with . or Enter, or press ? or * to list all spells.
Okay, then.
The gnoll sergeant barely misses you. The gnoll hits you with a +0 halberd.
Casting: Searing Ray (safe; 1% risk of failure)
Confirm with . or Enter, or press ? or * to list all spells.
You erupt in a blast of force!
The mystic blast hits the gnoll sergeant.
The gnoll sergeant is almost dead.
The gnoll sergeant is knocked back by the mystic blast.
The mystic blast hits the gnoll!
You kill the gnoll!
Vehumet accepts your kill.
The gnoll sergeant hits you but does no damage.
The magic dart hits the gnoll sergeant but does no damage.
The gnoll sergeant is almost dead.
The gnoll sergeant hits you but does no damage.
The magic dart hits the gnoll sergeant but does no damage.
The gnoll sergeant is almost dead.
The gnoll sergeant hits you from afar with a +0 trident.
The magic dart hits the gnoll sergeant.
The gnoll sergeant is almost dead.
The gnoll sergeant hits you from afar with a +0 trident!
The magic dart hits the gnoll sergeant.
The gnoll sergeant is almost dead.
The gnoll sergeant barely misses you.
Casting: Magic Dart (safe; 1% risk of failure)
Confirm with . or Enter, or press ? or * to list all spells.
Aiming: Searing Ray (safe; 1% risk of failure)
Press: ? - help, Shift-Dir - straight line, f/p - gnoll sergeant
Aim: a gnoll sergeant, wielding a +0 trident and wearing a +0 ring mail (almost dead, 87% to hit)
The searing ray misses the gnoll sergeant. (Press . to maintain the ray.)
The gnoll sergeant hits you from afar with a +0 trident!
Without enough magic to sustain it, your searing ray dissipates.
The gnoll sergeant hits you from afar with a +0 trident!
* * * LOW HITPOINT WARNING * * *
The gnoll sergeant hits you from afar with a +0 trident!
You die...

... #.. #.# #.# #.#
##.## #.# #...#
###.###.#.### #
#.......#...# #
#.....#####.#######.
#####.......#.))#)......
).).).......#..)@)g).)..
#####.....#...#)#.#####.
###.####.##.#.# ...#
#.##.... .....##......##
..... ..... ..########.
## .


You could see a gnoll sergeant.

Vanquished Creatures
  A naga (D:6)
  A water moccasin (D:5)
  A black bear (D:5)
  An ogre (D:6)
  2 bullfrogs (Sewer)
  A howler monkey (D:5)
  2 jellies
  3 orc priests
  A gnoll bouda (D:6)
  A hound (D:5)
  An iguana (D:4)
  Ijyb (D:3)
  2 orc wizards (D:6)
  12 gnolls
  6 adders
  A shadow imp (D:6)
  4 dart slugs
  6 orcs
  5 bats
  16 endoplasms
  18 giant cockroaches
  6 goblins
  5 hobgoblins
  8 kobolds
  9 quokkas
  17 ball pythons
  13 frilled lizards
  3 rats
147 creatures vanquished.

Notes
Turn   | Place    | Note
-------+----------+-------------------------------------------
     0 | D:1      | samcosmo the Deep Elf Conjurer began the quest for the Orb.
     0 | D:1      | Reached XP level 1. HP: 10/10 MP: 6/6
     6 | D:1      | Noticed a basilisk
     6 | D:1      | Noticed a servant of whispers
     7 | D:1      | Noticed a hell rat
     7 | D:1      | Noticed a yaktaur captain
   165 | D:1      | Reached XP level 2. HP: 16/16 MP: 5/8
   393 | D:1      | Learned a level 2 spell: Searing Ray
   396 | D:1      | Reached skill level 4 in Spellcasting
   532 | D:1      | Reached XP level 3. HP: 20/20 MP: 6/10
   865 | D:1      | Reached skill level 1 in Fighting
  1388 | D:2      | Found a burning altar of Makhleb.
  1649 | D:2      | Reached XP level 4. HP: 25/25 MP: 3/12
  2194 | D:3      | Learned a level 4 spell: Iskenderun's Mystic Blast
  2512 | D:3      | Reached skill level 5 in Spellcasting
  2865 | D:3      | Noticed Ijyb
  2869 | D:3      | HP: 1/25 [disintegration (9)]
  2877 | D:3      | Killed Ijyb
  2878 | D:3      | Reached skill level 5 in Conjurations
  3052 | D:3      | Found a blossoming altar of Fedhas.
  3227 | D:4      | Found a glowing golden altar of the Shining One.
  3288 | D:4      | Found a glowing drain.
  3303 | Sewer    | Entered a sewer
  3431 | Sewer    | Reached XP level 5. HP: 30/30 MP: 4/14
  4041 | Sewer    | Reached skill level 6 in Spellcasting
  4046 | Sewer    | Reached XP level 6. HP: 19/36 MP: 4/17
  4284 | D:4      | Found a staircase to the Ecumenical Temple.
  4294 | Temple   | Entered the Ecumenical Temple
  4329 | Temple   | Became a worshipper of Vehumet
  4727 | D:4      | Found an opulent altar of Gozag.
  4776 | D:4      | Reached skill level 7 in Spellcasting
  4872 | D:4      | Identified the +3 dagger "Yxull" {venom, rC- Will+ rCorr
                  | Int+3}
  5265 | D:4      | Found an ornate altar of the Wu Jian Council.
  5293 | D:5      | Entered Level 5 of the Dungeon
  5293 | D:5      | Noticed a water moccasin
  5368 | D:5      | Killed a water moccasin
  5369 | D:5      | Reached XP level 7. HP: 29/40 MP: 11/20
  5547 | D:5      | Reached skill level 8 in Spellcasting
  5794 | D:5      | Found Lisao's Armour Shop.
  5802 | D:5      | Bought a +1 helmet for 126 gold pieces
  5830 | D:5      | Found a broken altar of Ashenzari.
  5979 | D:5      | Found Ihilas's Gadget Gallery.
  5992 | D:5      | Identified the +1 trident of the Hurting Goat {freeze, rC+
                  | Str+3 Stlth+}
  6288 | D:5      | Found a white marble altar of Elyvilon.
  6305 | D:5      | Identified the +3 leather armour "Bygeat" {rC+ rN+ Dex+2}
  6502 | D:6      | Noticed Maggie
  6505 | D:6      | Maggie changed into Maggie the naga
  6505 | D:6      | Noticed Maggie
  6529 | D:6      | Killed Maggie the naga
  6530 | D:6      | Reached skill level 9 in Spellcasting
  6698 | D:6      | Reached XP level 8. HP: 27/46 MP: 18/23
  6889 | D:6      | Reached * piety under Vehumet
  6889 | D:6      | Offered knowledge of Foxfire by Vehumet.
  6987 | D:6      | Slain by a gnoll sergeant

Illustrated notes

Levels and vault maps discovered:
D:1:      onia_arrival_zoo_common, layout_basic
D:2:      layout_loops_ring, basic_altar, st_stairs_12, dreamdust_wishing_well,
          chequers_hall_statues_y
D:3:      layout_basic, lemuel_coloured_pillars_altar,
          amcnicky_mini_rare_corridor_liquid, uniq_ijyb
D:4:      layout_basic, grunt_gozag_statues, mainiacjoe_overflow_alcove_4,
          mainiacjoe_overflow_paths, minmay_temple_entry_glass,
          gup_sewer_entry_pipe, serial_glass, glass_columns_c, glass_columns_a
D:5:      layout_layer_cave, elyvilon_altar_1, mainiacjoe_overflow_brackets,
          serial_shops, shop, nicolae_shop_gadgets
D:6:      minmay_chambers_of_fours, layout_loops_ring, reono_crystal_passage,
          kennysheep_potato, uniq_maggie, uniq_menkaure
Temple:   nicolae_temple_bog_church

Skill      XL: |  1  2  3  4  5  6  7 |
---------------+----------------------+-----
Spellcasting   | 4 5 6 7 9 |  9.5
Fighting       | 1 2 3 |  3.8
Conjurations   | 5 6 |  6.9
Dodging        | |  2.4
Stealth        | |  2.4

Action                     |  1- 3 |  4- 6 |  7- 9 || total
---------------------------+-------+-------+-------++-------
  Melee: Dagger            |       |       |     7 ||     7
   Cast: Magic Dart        |    85 |   164 |    45 ||   294
         Searing Ray       |       |     7 |    11 ||    18
         Iskenderun's Myst |       |     3 |     7 ||    10
  Evoke: Wand              |       |       |     3 ||     3
    Use: Scroll            |       |    10 |     6 ||    16
         Potion            |       |     1 |     4 ||     5
 Armour: Robe              |       |     7 |     1 ||     8
         Leather armour    |       |       |     6 ||     6
         Skin              |       |       |     5 ||     5
  Dodge: Dodged            |     3 |    25 |    15 ||    43
         Repelled          |       |       |     3 ||     3
